 Dungeon Crawl Stone Soup version 0.22-a0-247-gbddf880757 (webtiles) character file.

3045 RedPan the Carver (level 9, -2/94 HPs)
             Began as a Demonspawn Monk on Feb 23, 2018.
             Was a High Priest of Cheibriados (penitent).
             Slain by a two-headed ogre
             ... wielding a +0 giant club
              (11 damage)
             ... on level 8 of the Dungeon.
             The game lasted 00:15:03 (7435 turns).

RedPan the Carver (Demonspawn Monk)                 Turns: 7435, Time: 00:15:03

Health: -2/94      AC: 14    Str: 19    XL:     9   Next: 56%
Magic:  14/14      EV: 11    Int: 12    God:    Cheibriados [*]
Gold:   462        SH:  0    Dex: 16    Spells: 8/8 levels left

rFire    . . .     SeeInvis .   m - +1 long sword
rCold    . . .     Gourm    .   (no shield)
rNeg     + . .     Faith    .   j - +1 chain mail
rPois    +         Spirit   .   (no helmet)
rElec    .         Reflect  .   (no cloak)
rCorr    .         Harm     .   B - +0 pair of gloves
MR       .....                  (no boots)
Stlth    ..........             v - amulet of magic regeneration
HPRegen  0.25/turn              e - ring of positive energy
MPRegen  0.39/turn              p - ring of poison resistance

@: berserking, very slow
A: icy blue scales 1, powered by death 1
a: Renounce Religion


You were on level 8 of the Dungeon.
You worshipped Cheibriados.
Cheibriados was demanding penance.
You were not hungry.

You visited 2 branches of the dungeon, and saw 9 of its levels.

You collected 462 gold pieces.

Inventory:

Hand Weapons
 m - a +1 long sword (weapon)
Armour
 j - a +1 chain mail (worn)
 B - a +0 pair of gloves (worn)
Magical Staves
 s - an uncursed staff of earth
Jewellery
 b - an uncursed ring of ice
 e - a ring of positive energy (left hand)
 i - an uncursed ring of flight
 n - an uncursed amulet of the acrobat
 p - a ring of poison resistance (right hand)
 v - an amulet of magic regeneration (around neck)
Wands
 r - a wand of polymorph (25)
 t - a wand of acid (8)
 w - a wand of enslavement (12)
 y - a wand of paralysis (21)
Scrolls
 h - a scroll of remove curse
 l - a scroll of enchant weapon
 z - 2 scrolls of identify
 A - a scroll of teleportation
 D - a scroll of amnesia
Potions
 a - a potion of ambrosia
 d - a potion of berserk rage
 f - 2 potions of flight
 g - a potion of magic {unknown}
 k - 2 potions of curing
 o - a potion of heal wounds
 q - 2 potions of haste {unknown}
 u - 2 potions of brilliance {unknown}
 x - 2 potions of lignification {unknown}
Comestibles
 c - 11 rations
 C - 3 chunks of flesh


   Skills:
 - Level 3.0 Fighting
 - Level 8.0 Long Blades
 + Level 5.6 Armour
 + Level 6.5 Dodging
 - Level 1.7 Stealth
 * Level 7.0 Invocations


You had 8 spell levels left.
You didn't know any spells.

Dungeon Overview and Level Annotations

Branches:
Dungeon (8/15)             Temple (1/1) D:4
   Lair: D:8-11

Altars:
Ashenzari
Cheibriados
Dithmenos
Elyvilon
Fedhas
Gozag
Kikubaaqudgha
Makhleb
Nemelex Xobeh
Okawaru
Qazlal
Ru
Trog
Uskayaw
Vehumet
Wu Jian
Xom
Yredelemnul
Zin
The Shining One


Innate Abilities, Weirdness & Mutations

You are partially covered in icy blue scales. (AC +2)
You regenerate a little health from kills.


Message History

The two-headed ogre is lightly wounded.
You slash the two-headed ogre!
The two-headed ogre is heavily wounded.
The two-headed ogre hits you with a giant club!
* * * LOW HITPOINT WARNING * * *
The two-headed ogre completely misses you.
A red film seems to cover your vision as you go berserk!
Cheibriados thinks you should slow down.
You feel very guilty. "You will pay for your transgression, mortal!"
Cheibriados forces you to slow down.
You feel mighty!
The two-headed ogre hits you with a giant club.
* * * LOW HITPOINT WARNING * * *
The two-headed ogre hits you but does no damage.
You barely miss the two-headed ogre.
The two-headed ogre is heavily wounded.
The two-headed ogre completely misses you.
The two-headed ogre hits you with a giant club!
You die...

##.###<...#.#
...##.#.##.#
#..##.._...# .
#..####.#..#.#
#.####..# #......##
#.....))####........
######))..........##
#######..####.###..#
......O@.# #.# ..#
########......# .#
####.... . ..# ....
.#


You could see a two-headed ogre.

Vanquished Creatures
  Pikel (D:5)
  Joseph (D:7)
  A water moccasin (D:7)
  An orc warrior (D:8)
  2 sky beasts
  4 ogres
  2 centaurs
  2 bullfrogs
  2 scorpions
  4 wights (D:6)
  3 howler monkeys
  A jelly (D:7)
  3 crimson imps
  A bullfrog zombie (D:4)
  A bullfrog skeleton (D:5)
  5 orc priests
  A centaur skeleton (D:5)
  3 hounds
  2 orc wizards
  2 iguanas
  Jessica (D:3)
  3 worker ants
  A hound zombie (D:6)
  A hound skeleton (D:5)
  8 adders
  A shadow imp (D:5)
  2 oozes
  An adder skeleton (D:4)
  A dart slug (D:3)
  2 leopard geckos
  23 orcs
  2 ball pythons
  4 giant cockroaches
  8 goblins
  7 hobgoblins
  12 jackals
  7 kobolds
  3 quokkas
  7 bats
  11 frilled lizards
  A leopard gecko skeleton (D:4)
  5 rats
153 creatures vanquished.

Notes
Turn   | Place    | Note
-------+----------+-------------------------------------------
     0 | D:1      | RedPan the Demonspawn Monk began the quest for the Orb.
     0 | D:1      | Reached XP level 1. HP: 18/18 MP: 1/1
   237 | D:1      | Reached skill level 3 in Long Blades
   269 | D:1      | Gained mutation: You regenerate a little health from kills. [demonic ancestry]
   269 | D:1      | Reached XP level 2. HP: 24/24 MP: 2/2
   735 | D:2      | Found a snail-covered altar of Cheibriados.
   741 | D:2      | Became a worshipper of Cheibriados the Contemplative
   741 | D:2      | Reached * piety under Cheibriados
   741 | D:2      | Reached ** piety under Cheibriados
  1127 | D:2      | Found a faded altar of an unknown god.
  1180 | D:2      | Reached XP level 3. HP: 29/29 MP: 3/3
  1268 | D:2      | Reached skill level 1 in Armour
  1415 | D:2      | Reached XP level 4. HP: 35/35 MP: 4/4
  1731 | D:3      | Reached *** piety under Cheibriados
  2091 | D:3      | Noticed Jessica
  2098 | D:3      | Killed Jessica
  2098 | D:3      | Reached skill level 4 in Long Blades
  2719 | D:4      | Reached XP level 5. HP: 41/41 MP: 5/5
  2735 | D:4      | Reached **** piety under Cheibriados
  3282 | D:4      | Reached XP level 6. HP: 46/47 MP: 6/6
  3502 | D:4      | Reached skill level 5 in Long Blades
  3565 | D:4      | Found a staircase to the Ecumenical Temple.
  3621 | Temple   | Entered the Ecumenical Temple
  3974 | D:4      | Found a bloodstained altar of Trog.
  4062 | D:5      | Entered Level 5 of the Dungeon
  4153 | D:5      | Reached XP level 7. HP: 40/52 MP: 7/7
  4157 | D:5      | Reached ***** piety under Cheibriados
  4243 | D:5      | Reached skill level 6 in Long Blades
  4468 | D:5      | Noticed Pikel
  4477 | D:5      | Killed Pikel
  4477 | D:5      | Reached skill level 7 in Long Blades
  4477 | D:5      | Reached skill level 5 in Dodging
  4477 | D:5      | Gained mutation: You are partially covered in icy blue scales. (AC +2) [demonic ancestry]
  4477 | D:5      | Reached XP level 8. HP: 58/58 MP: 8/8
  4861 | D:5      | Reached skill level 1 in Invocations
  5754 | D:6      | Reached XP level 9. HP: 63/63 MP: 12/12
  5950 | D:6      | Reached skill level 5 in Armour
  6063 | D:7      | Reached skill level 5 in Invocations
  6543 | D:7      | Found a glowing golden altar of the Shining One.
  6809 | D:7      | Noticed Joseph
  6834 | D:7      | Killed Joseph
  6834 | D:7      | Reached skill level 8 in Long Blades
  7172 | D:8      | Found a shattered altar of Ashenzari.
  7424 | D:8      | Noticed a two-headed ogre
  7434 | D:8      | Was placed under penance by Cheibriados
  7435 | D:8      | Slain by a two-headed ogre

Vault maps used:
D:1:      ncdulo_watergridlock, patterned_corridor
D:2:      chequers_ecumenical_altar_island, kennysheep_flooded_box
D:3:      cheibrodos_helix_gallery, uniq_jessica
D:4:      lemuel_coloured_pillars_altar, temple_hall
D:5:      first_ration, st_stairs_7, uniq_pikel
D:6:      kennysheep_generic_room_12
D:7:      minmay_cornered_nines, lemuel_doored_altar, uniq_crazy_yiuf_cottage,
          uniq_joseph
D:8:      serial_shops, nicolae_shop_overgrown_old_shop, ashenzari_altar_1
Temple:   compressed_dpeg_circular_temple

Skill      XL: |  1  2  3  4  5  6  7  8  9 |
---------------+----------------------------+-----
Long Blades    | 3 4 5 7 8 |  8.0
Dodging        | 3 4 5 6 |  6.5
Armour         | 1 2 4 5 |  5.6
Invocations    | 4 7 |  7.0
Fighting       | |  3.0
Stealth        | |  1.7

Action                   |  1- 3 |  4- 6 |  7- 9 || total
-------------------------+-------+-------+-------++-------
Melee: Falchion          |   127 |    41 |       ||   168
       Long sword        |       |   142 |   280 ||   422
  Use: Scroll            |       |     8 |     4 ||    12
       Potion            |       |       |     1 ||     1
  Eat: Chunk             |     1 |     4 |     4 ||     9
       Ration            |       |       |     1 ||     1
Armor: Robe              |     3 |       |       ||     3
       Chain mail        |    81 |    70 |    99 ||   250
       Ring mail         |       |     4 |       ||     4
Dodge: Dodged            |    49 |   123 |   203 ||   375
       Rpst.: Falchion   |    15 |     9 |       ||    24
       Long sword        |       |    37 |    66 ||   103

Table legend:
 A = Spawn XP
 B = Non-spawn XP
 C = Spawn XP percentage of total XP
 D = Spawn monster count
 E = Non-spawn monster count
 F = Spawn count percentage of total count
 G = Total turns spent on level
                    A         B        C        D         E        F      G
               +---------+---------+-------+---------+---------+-------+---------
         Total |       0 |    4351 |   0.0 |       0 |     153 |   0.0 |  7435
               +---------+---------+-------+---------+---------+-------+---------
           D:1 |       0 |      24 |   0.0 |       0 |      16 |   0.0 |   588
           D:2 |       0 |      78 |   0.0 |       0 |      23 |   0.0 |  1084
           D:3 |       0 |      92 |   0.0 |       0 |      25 |   0.0 |  1043
           D:4 |       0 |     477 |   0.0 |       0 |      27 |   0.0 |  1383
           D:5 |       0 |    1507 |   0.0 |       0 |      22 |   0.0 |   832
           D:6 |       0 |     824 |   0.0 |       0 |      22 |   0.0 |  1194
           D:7 |       0 |    1207 |   0.0 |       0 |      14 |   0.0 |   965
           D:8 |       0 |     142 |   0.0 |       0 |       4 |   0.0 |   264
               +---------+---------+-------+---------+---------+-------+---------
